 Dungeon Crawl Stone Soup version 0.29.1-15-g9cfb28693d (webtiles) character file.

Game seed: 5010261919004794092

11960 Sanktem7 the Severer (level 11, -26/111 HPs)
             Began as a Minotaur Berserker on Mar 2, 2023.
             Was a High Priest of Trog.
             Killed from afar by Lodul (39 damage)
             ... with a bolt of lightning
             ... on level 11 of the Dungeon.
             The game lasted 00:23:29 (12023 turns).

Sanktem7 the Severer (Minotaur Berserker)          Turns: 12023, Time: 00:23:30

Health: -26/111    AC: 17    Str: 26      XL:     11   Next: 56%
Magic:  8/8        EV: 15    Int:  8 (10) God:    Trog [*****.]
Gold:   762        SH:  0    Dex:  7 (10) Spells: 10/10 levels left

rFire   + . .      SeeInvis .   s - +2 war axe (venom) {axe}
rCold   + . .      Faith    .   (no shield)
rNeg    . . .      Spirit   .   t - +4 ring mail "Wirid" {rC+ Int+2 Slay+2}
rPois   +          Reflect  .   f - +2 hat
rElec   .          Harm     .   v - +1 cloak
rCorr   .          Rampage  .   A - +2 pair of gloves
Will    .....                   (no boots)
Stlth   ..........              (no amulet)
HPRegen 0.28/turn               a - +4 ring of evasion
MPRegen 0.11/turn               h - ring of Orthodoxy {rPois rF+ Int+4}

@: confused, studying Axes
A: horns 2, retaliatory headbutt, low MP 1
a: Renounce Religion, Berserk, Trog's Hand, Brothers in Arms


You were on level 11 of the Dungeon.
You worshipped Trog.
Trog was extremely pleased with you.
You visited 1 branch of the dungeon, and saw 10 of its levels.
You also visited: Sewer.

You collected 762 gold pieces.


Innate Abilities, Weirdness & Mutations

You have a pair of horns on your head.
You reflexively headbutt those who attack you in melee.
Your magical capacity is low. (-10% MP)


   Skills:
 * Level 14.6 Fighting
 * Level 17.0 Axes
 - Level 6.0 Throwing
 - Level 6.0 Armour
 - Level 2.1 Dodging


You had 10 spell levels left.
You didn't know any spells.
Your spell library contained the following spells:

 Spells                   Type           Power      Damage    Failure   Level
 Shock                    Conj/Air       0%         1d3       54%         1
 Blink                    Tloc           0%         N/A       67%         2
 Call Canine Familiar     Summ           0%         N/A       88%         3
 Conjure Flame            Conj/Fire      0%         6-21      88%         3
 Ignite Poison            Fire/Tmut/Pois 0%         N/A       88%         3
 Portal Projectile        Hex/Tloc       0%         N/A       88%         3
 Swiftness                Air            0%         N/A       88%         3
 Airstrike                Air            0%         2d(0-16)  99%         4
 Leda's Liquefaction      Hex/Erth       0%         N/A       99%         4
 Sticky Flame             Conj/Fire      0%         2d3       99%         4
 Manifold Assault         Tloc           0%         N/A       100%        5
 Summon Forest            Summ/Tloc      0%         N/A       100%        5
 Summon Mana Viper        Hex/Summ       0%         N/A       100%        5
 Summon Cactus Giant      Summ           0%         N/A       100%        6
 Storm Form               Tmut/Air       0%         N/A       100%        7

Inventory:

Hand Weapons
 s - a +2 war axe of venom (weapon) {axe}
   (You took it off a hobgoblin on level 3 of the Dungeon)
Missiles
 d - 51 stones {throwing}
 l - 2 boomerangs {throwing}
 m - 12 curare-tipped darts {=fthrowing}
 w - 22 poisoned darts (quivered) {throwing}
Armour
 f - a +2 hat (worn)
   (You found it on level 1 of the Dungeon)
 n - a +0 chain mail
   (You took it off an orc on level 4 of the Dungeon)
 t - the +4 ring mail "Wirid" (worn) {rC+ Int+2 Slay+2}
   (You found it on level 7 of the Dungeon)

   Int:       It affects your intelligence (+2).
   Slay:      It affects your accuracy & damage with ranged weapons and melee
   (+2).
   rC:        It protects you from cold.
 v - a +1 cloak (worn)
   (You took it off Crazy Yiuf on level 3 of the Dungeon)
 A - a +2 pair of gloves (worn)
   (You found it on level 7 of the Dungeon)
Jewellery
 a - a +4 ring of evasion (left hand)
   (You found it on level 4 of the Dungeon)
 b - the ring "Aneref" {rN+ MP+9}
   (You found it on level 6 of the Dungeon)

   [ring of magical power]

   rN:        It protects you from negative energy.
   MP:        It affects your magic capacity (+9).
 h - the ring of Orthodoxy (right hand) {rPois rF+ Int+4}
   (You found it on level 6 of the Dungeon)

   [ring of protection from fire]

   Int:       It affects your intelligence (+4).
   rF:        It protects you from fire.
   rPois:     It protects you from poison.
Wands
 r - a wand of charming (6)
   (You found it on level 3 of the Dungeon)
 u - a wand of acid (8)
   (You took it off Ijyb on level 3 of the Dungeon)
 E - a wand of flame (15)
   (You took it off a wight on level 8 of the Dungeon)
 F - a wand of roots (7)
   (You took it off an orc wizard on level 8 of the Dungeon)
Scrolls
 i - a scroll of noise {!r}
 k - 6 scrolls of teleportation {@r4}
 o - a scroll of torment {!r}
 p - 3 scrolls of butterflies
 q - a scroll of poison {!r}
 B - a scroll of summoning
 C - a scroll of immolation {!r!r}
Potions
 c - 8 potions of flight
 e - 3 potions of magic
 g - 2 potions of might
 j - 2 potions of resistance
 x - a potion of attraction {!q}
 G - a potion of curing {@q1}
 H - a potion of heal wounds {@q2}
 I - a potion of degeneration {!q@e2}

Dungeon Overview and Level Annotations

Branches:
Dungeon (11/15) Zot: 25279  Temple (0/1) D:4            Lair (0/5) D:8
  Sewer (visited)
    Orc: D:9-12

Altars:
Nemelex Xobeh
Trog
Xom
Zin
Jiyva

Shops:
D:7 !   D:8 *

Annotations:
D:11 2 transporters, Lodul; sigtrap's ghost, journeyman KoEn

##..#####..##
#.........
##.......##
#.........
##.....##
##.#....... #######
#..#....... ##
#.###...... ###.#
##.# ......
#....####.## .....
.......#...# ....
........@..##
.......O.#..#
........{O#.##
.....OO......###
...............#
...OO.......#......
....O.###...#..^^^.
..O... #>).#..^_^.
...... #..## .^^..


You could see Lodul and 7 ogres.


Message History

You take 20 damage, and now have 88/111 hp.
The vampire gestures at you while chanting.
You resist with some effort. 😕 HP[+1]
You feel less confused.
The vampire gestures wildly while chanting.
The vampire flickers and vanishes!
Deactivating autopickup; reactivate with Ctrl-A.
An ogre comes into view. It is wielding a +0 giant spiked club.
Something hits you. Something bites you but does no damage.
The ogre moves out of view. 😕 HP[-4]
You take 4 damage, and now have 85/111 hp.
You hit something. You headbutt something. You hit something but do no damage.
You headbutt something. Something barely misses you.
Something bites you but does no damage. 😕 HP[+1]
You barely miss something. You barely miss the ogre.
The ogre hits you with a +0 giant spiked club!
Something barely misses you. x2 😮 HP[-11]
You take 11 damage, and now have 75/111 hp.
You completely miss something. You slash the ogre! You slash something!
You slash the ogre!
You kill the ogre!
Trog accepts your kill. Something hits you but does no damage.
Something bites you.
Something draws strength from your injuries! 😮 HP[-2]
You take 2 damage, and now have 73/111 hp.
You closely miss something. You slice the ogre!!
The ogre is poisoned.
You hear some strange, mumbled words.
You are confused.
The ogre misses you.
You closely miss something. Your headbutt misses something. You hit the ogre.
The ogre looks even sicker. 😮 HP[+1]
Something hits you! Something bites you but does no damage.
You kill the ogre!
Trog accepts your kill. 😮 HP[-7]
You take 7 damage, and now have 67/111 hp.
Something hits you but does no damage. Something bites you.
Something draws strength from your injuries!
The ogre hits you with a +0 giant spiked club!
* * * LOW HITPOINT WARNING * * *
😨 HP[-14]
You take 14 damage, and now have 53/111 hp.
Something draws life force from you!
* * * LOW HITPOINT WARNING * * *
😨 HP[-15]
You take 15 damage, and now have 38/111 hp.
You're too confused to move!
Something barely misses you. Something bites you but does no damage.
The ogre hits you with a +0 giant spiked club!
* * * LOW HITPOINT WARNING * * *
😱 HP[-13]
You take 13 damage, and now have 25/111 hp.
You hit something but do no damage. Your headbutt misses something.
You hit the ogre.
The ogre is poisoned.
You feel less confused.
You hear some strange, mumbled words.
You are confused.
The ogre misses you. The ogre attacks as you move away!
The ogre closely misses you.
An ogre comes into view. It is wielding a +0 giant club.
Something hits you!
* * * LOW HITPOINT WARNING * * *
Something barely misses you.
An ogre comes into view. It is wielding a +0 giant club.
The ogre shouts!
You hear a shout!
An ogre comes into view. It is wielding a +0 giant spiked club.
Lodul the Thundrous comes into view.
He is wielding a +0 dire flail. 😱 HP[-6]
You take 6 damage, and now have 19/111 hp.
You are too confused!
Lodul shouts!
The ogre shouts!
Something barely misses you. Something bites you!
* * * LOW HITPOINT WARNING * * *
Something draws strength from your injuries!
An ogre comes into view.
It is wielding a +0 giant club. 😱 HP[-7]
You take 7 damage, and now have 12/111 hp.
You feel less confused.
You hear some strange, mumbled words.
Something tries to affect you, but you resist.
The ogre barely misses you. You furiously retaliate!
You headbutt the ogre! Something barely misses you.
Something closely misses you.
The ogre shouts!
An ogre comes into view. It is wielding a +0 giant club.
You hear some strange, mumbled words.
You are confused.
An ogre comes into view.
It is wielding a +0 giant club. 😱 HP[+1]
The ogre attacks as you move away! The ogre closely misses you.
You bump into the rock wall.
The ogre attacks as you move away! The ogre barely misses you.
Electricity crackles from Lodul's apparatus.
The bolt of lightning hits you!!!
You die...

Skill      XL: |  1  2  3  4  5  6  7  8  9 10 11 |
---------------+----------------------------------+-----
Axes           | 4 5 6 8 9 11 14 17 | 17.0
Fighting       | 4 5 6 8 9 11 13 14 | 14.6
Armour         | 3 4 5 6 |  6.0
Throwing       | 1 4 5 6 |  6.0
Dodging        | |  2.1

Action                   |  1- 3 |  4- 6 |  7- 9 | 10-12 || total
-------------------------+-------+-------+-------+-------++-------
Melee: Hand axe          |    59 |     6 |       |       ||    65
       Headbutt          |     7 |    10 |    44 |    49 ||   110
       War axe           |       |    75 |   286 |   243 ||   604
       Punch             |       |       |     1 |       ||     1
  Use: Scroll            |       |     7 |     6 |     5 ||    18
       Potion            |       |       |     5 |     1 ||     6
Armor: Animal skin       |    11 |       |       |       ||    11
       Ring mail         |    14 |    19 |    18 |    85 ||   136
       Scale mail        |       |     5 |    46 |       ||    51
       Chain mail        |       |       |    93 |       ||    93
Dodge: Dodged            |    42 |    36 |   207 |   192 ||   477

Levels and vault maps discovered:
D:1:      onia_arrival_mini_maze, layout_rooms
D:2:      layout_loops_ring, basic_altar
D:3:      due_chaos_kobolds, layout_loops_corners, feat_on_display,
          uniq_sigmund, uniq_ijyb, uniq_natasha, uniq_crazy_yiuf_cottage
D:4:      layout_basic, minmay_temple_entry_water_ring, minmay_hedge_maze,
          serial_bayou_pond_a, uniq_blork_the_orc, uniq_robin
D:6:      layout_loops_corners, portal_sewer_entry_f,
          hangedman_decor_clover_reticule
D:7:      layout_cave_pools, zin_academy, bloody_trog, serial_shops, shop,
          amcnicky_mini_corridor_feature, hangedman_misty_isle
D:8:      layout_basic, david_lair_shrubbed, nicolae_shop_overcharged_wands
D:9:      layout_basic, jiyva_altar_1
D:10:     layout_layer_cave, mainiacjoe_overflow_brackets, serial_ice,
          serial_ice_e, serial_ice_g, serial_ice_k, serial_ice_b, serial_ice_n,
          serial_ice_c, uniq_erica, uniq_nergalle
D:11:     layout_cave_pods, serial_shops, kennysheep_mini, nzn_ghost_randoct,
          xom_teletrap_fun, uniq_maurice, uniq_lodul, uniq_snorg

Notes
Turn   | Place    | Note
-------+----------+-------------------------------------------
     0 | D:1      | Sanktem7 the Minotaur Berserker began the quest for the
                  | Orb.
     0 | D:1      | Reached XP level 1. HP: 19/19 MP: 0/0
     0 | D:1      | magus.rc [v1.9.6]
   149 | D:1      | Reached XP level 2. HP: 27/27 MP: 1/1
   159 | D:1      | Reached skill level 4 in Axes
   162 | D:1      | Reached skill level 4 in Fighting
   360 | D:1      | You pick up a book of the Hunter {forbidden} and begin
                  | reading...
   360 | D:1      | You add the spells Call Canine Familiar, Portal Projectile
                  | and Leda's Liquefaction to your library.
  1060 | D:2      | Reached XP level 3. HP: 33/33 MP: 2/2
  1075 | D:2      | Reached skill level 3 in Armour
  1076 | D:2      | Found a bloodstained altar of Trog.
  1673 | D:2      | Reached ** piety under Trog
  1856 | D:3      | Reached XP level 4. HP: 41/41 MP: 3/3
  1887 | D:3      | Found a large runed translucent door.
  1889 | D:3      | Found a large runed translucent door.
  1891 | D:3      | Found a shimmering altar of Xom.
  1926 | D:3      | Noticed Sigmund
  2156 | D:3      | Killed Sigmund
  2157 | D:3      | Reached skill level 5 in Fighting
  2157 | D:3      | Reached skill level 5 in Axes
  2157 | D:3      | Reached XP level 5. HP: 19/50 MP: 4/4
  2473 | D:3      | Noticed Natasha
  2482 | D:3      | Killed Natasha
  2483 | D:3      | Reached skill level 4 in Armour
  2483 | D:3      | Reached XP level 6. HP: 42/57 MP: 5/5
  2609 | D:3      | Reached skill level 6 in Fighting
  2609 | D:3      | Reached skill level 6 in Axes
  3070 | D:3      | Noticed Natasha
  3074 | D:3      | Killed Natasha
  3175 | D:3      | Found a runed translucent door.
  3176 | D:3      | Noticed Crazy Yiuf
  3200 | D:3      | Noticed Ijyb
  3207 | D:3      | Killed Ijyb
  3590 | D:3      | Killed Crazy Yiuf
  3875 | D:4      | Noticed Robin
  3883 | D:4      | Killed Robin
  4002 | D:4      | Reached *** piety under Trog
  4067 | D:4      | Reached XP level 7. HP: 47/64 MP: 6/6
  4251 | D:4      | Reached skill level 7 in Fighting
  4319 | D:4      | Found a staircase to the Ecumenical Temple.
  4398 | D:4      | Noticed a hornet
  4401 | D:4      | Paralysed by a hornet for 3 turns
  4408 | D:4      | HP: 7/66 [hornet (10)]
  4412 | D:4      | Killed a hornet
  4413 | D:4      | Reached skill level 7 in Axes
  4413 | D:4      | Reached skill level 5 in Armour
  4413 | D:4      | HP: 6/66 [black bear (7)]
  4753 | D:4      | HP: 16/67 [orc wizard/puff of flame (7)]
  4939 | D:4      | Noticed Blork the orc
  5047 | D:4      | Killed Blork the orc
  5048 | D:4      | Reached skill level 8 in Fighting
  5048 | D:4      | Reached skill level 8 in Axes
  5048 | D:4      | Reached XP level 8. HP: 72/74 MP: 7/7
  5148 | D:4      | You fall into a shaft and drop 2 floors!
  5257 | D:6      | Identified the ring "Aneref" {rN+ MP+9}
  5397 | D:6      | Reached skill level 6 in Armour
  5413 | D:6      | Reached **** piety under Trog
  5435 | D:6      | Found a glowing drain.
  5451 | Sewer    | Entered a sewer
  5542 | Sewer    | Reached skill level 9 in Fighting
  5542 | Sewer    | Reached skill level 9 in Axes
  5703 | Sewer    | You pick up a book of the Wilderness {forbidden} and begin
                  | reading...
  5703 | Sewer    | You add the spells Summon Forest, Summon Mana Viper and
                  | Summon Cactus Giant to your library.
  5925 | D:6      | Identified the ring of Orthodoxy {rPois rF+ Int+4}
  6020 | D:6      | Reached ***** piety under Trog
  6021 | D:6      | Reached skill level 1 in Throwing
  6370 | D:6      | Reached XP level 9. HP: 85/85 MP: 8/8
  6581 | D:7      | Reached skill level 10 in Fighting
  6581 | D:7      | Reached skill level 10 in Axes
  6581 | D:7      | Reached skill level 2 in Throwing
  6919 | D:7      | Reached skill level 3 in Throwing
  7122 | D:7      | Found a bloodstained altar of Trog.
  7193 | D:7      | Found a glowing silver altar of Zin.
  7271 | D:7      | Found Kuibonap's Distillery.
  7285 | D:7      | Gained mutation: Your magical capacity is low. (-10% MP)
                  | [potion of mutation]
  7312 | D:7      | Identified the +4 ring mail "Wirid" {rC+ Int+2 Slay+2}
  7433 | D:7      | Reached skill level 11 in Fighting
  7435 | D:7      | Reached skill level 11 in Axes
  7678 | D:8      | Received a gift from Trog
  7687 | D:8      | Reached skill level 4 in Throwing
  7687 | D:8      | Reached XP level 10. HP: 61/96 MP: 8/8
  7704 | D:7      | Reached skill level 12 in Axes
  8189 | D:8      | Reached skill level 12 in Fighting
  8497 | D:8      | Found a staircase to the Lair.
  8552 | D:8      | Found Latikh's Overcharged Wands.
  9030 | D:9      | Found a viscous altar of Jiyva.
  9035 | D:9      | Reached skill level 13 in Axes
  9209 | D:9      | Reached skill level 5 in Throwing
  9323 | D:9      | Reached skill level 14 in Axes
  9444 | D:9      | You add the spells Blink, Manifold Assault and Storm Form
                  | to your library.
  9462 | D:9      | You add the spells Conjure Flame, Ignite Poison and Sticky
                  | Flame to your library.
  9694 | D:10     | Entered Level 10 of the Dungeon
  9701 | D:10     | Reached skill level 13 in Fighting
  9833 | D:10     | Noticed Nergalle
  9834 | D:10     | Reached XP level 11. HP: 107/107 MP: 8/8
  9838 | D:10     | Reached skill level 15 in Axes
  9850 | D:10     | Killed Nergalle
  9955 | D:10     | Noticed Erica
  9962 | D:10     | Killed Erica
  9962 | D:10     | Received a gift from Trog
  9963 | D:10     | Reached skill level 6 in Throwing
 10162 | D:10     | You pick up a book of Air {forbidden} and begin reading...
 10162 | D:10     | You add the spells Shock, Swiftness and Airstrike to your
                  | library.
 10252 | D:10     | Reached skill level 16 in Axes
 10255 | D:10     | Reached skill level 14 in Fighting
 10277 | D:10     | HP: 25/110 [electric eel/bolt of electricity (11)]
 10288 | D:10     | HP: 17/110 [orc priest/divine providence (12)]
 11153 | D:10     | Found a sparkling altar of Nemelex Xobeh.
 11849 | D:11     | Found a transporter.
 11858 | D:11     | Noticed a five-headed hydra
 11862 | D:11     | Noticed sigtrap's ghost (journeyman KoEn)
 11871 | D:11     | Found a transporter.
 11882 | D:11     | Noticed a boulder beetle
 11903 | D:11     | Reached skill level 17 in Axes
 11915 | D:11     | Noticed a two-headed ogre
 11988 | D:11     | Found a shimmering altar of Xom.
 12013 | D:11     | HP: 25/111 [ogre/+0 giant spiked club[Lodul] (14)]
 12017 | D:11     | Noticed Lodul
 12018 | D:11     | HP: 12/111 [something (7)]
 12023 | D:11     | Killed from afar by Lodul

Vanquished Creatures
  Erica (D:10)
  Nergalle (D:10)
  A komodo dragon (D:8)
  A kobold demonologist (D:10)
  2 trolls
  A hornet (D:4)
  4 polar bears (D:10)
  Sigmund (D:3)
  A wraith (D:11)
  A shadow (D:11)
  3 centaur simulacra (D:10)
  15 yaks
  4 steam dragons
  3 acid dragons
  A black bear (D:4)
  5 sky beasts
  4 ogres
  6 orc warriors
  A wolf (D:10)
  3 centaurs
  Blork the orc (D:4)
  2 kobold brigands
  5 bullfrogs
  2 necrophages (D:7)
  5 scorpions
  4 gnoll sergeants
  5 wights (D:8)
  9 killer bees (D:10)
  An electric eel (D:10)
  3 howler monkeys
  7 orc priests
  6 jellies
  Crazy Yiuf (D:3)
  A gnoll bouda (D:8)
  2 iguanas (D:7)
  Ijyb (D:3)
  Natasha (twice) (D:3)
  9 orc wizards
  A merfolk siren (Sewer)
  A merfolk avatar (Sewer)
  Robin (D:4)
  21 gnolls
  2 river rats (Sewer)
  6 adders
  3 white imps (D:10)
  An ufetubus (D:10)
  A dart slug (D:4)
  58 orcs
  12 ball pythons
  5 endoplasms
  12 giant cockroaches
  16 goblins
  4 hobgoblins
  4 jackals (D:3)
  5 quokkas
  4 bats
  4 frilled lizards (Sewer)
  12 kobolds
  27 rats
325 creatures vanquished.

Vanquished Creatures (others)
  14 plants
14 creatures vanquished.

Grand Total: 339 creatures vanquished

Table legend:
 A = Non-vault XP
 B = Vault XP
 C = Vault XP percentage of total XP
 D = Non-vault monster count
 E = Vault monster count
 F = Vault count percentage of total count
                 A         B        C        D         E       F
            +---------+---------+-------+---------+---------+-------
      Total |   11045 |    6041 |  35.4 |     233 |      92 |  28.3
            +---------+---------+-------+---------+---------+-------
        D:1 |      37 |       0 |   0.0 |      22 |       0 |   0.0
        D:2 |      35 |       0 |   0.0 |       8 |       0 |   0.0
        D:3 |     214 |     359 |  62.7 |      20 |       9 |  31.0
        D:4 |     753 |     122 |  13.9 |      37 |       9 |  19.6
        D:6 |    1199 |      10 |   0.8 |      29 |       5 |  14.7
        D:7 |    1765 |     823 |  31.8 |      30 |       6 |  16.7
        D:8 |    1522 |     389 |  20.4 |      29 |       1 |   3.3
        D:9 |    1791 |     174 |   8.9 |      24 |       4 |  14.3
       D:10 |    2540 |    3792 |  59.9 |      24 |      16 |  40.0
       D:11 |    1189 |     238 |  16.7 |      10 |       2 |  16.7
      Sewer |       0 |     134 | 100.0 |       0 |      40 | 100.0
            +---------+---------+-------+---------+---------+-------

Illustrated notes

Table legend:
 A = Kills in this place as a percentage of kills in entire the game.
 B = Kills by you in this place as a percentage of kills by you in the entire game.
 C = Kills by friends in this place as a percentage of kills by friends in the entire game.
 D = Other kills in this place as a percentage of other kills in the entire game.
 E = Experience gained in this place as a percentage of experience gained in the entire game.
 F = Experience gained in this place divided by the number of levels of this place that you have seen.
                   A       B       C       D       E      F
               +-------+-------+-------+-------+-------+----------------------
         Total | 100.0 | 100.0 |   N/A |   N/A | 100.0 | 1553.3
       Dungeon |  87.7 |  87.7 |   N/A |   N/A |  99.2 | 1695.2
         Sewer |  12.3 |  12.3 |   N/A |   N/A |   0.8 | 134.0
               +-------+-------+-------+-------+-------+----------------------

Table legend: (Time is in decaauts)
 A = Elapsed time spent in this place.
 B = Non-inter-level travel time spent in this place.
 C = Inter-level travel time spent in this place.
 D = Time resting spent in this place.
 E = Time spent auto-exploring this place.
 F = Levels seen in this place.
 G = Mean time per level.
                   A        B        C        D        E       F      G
               +--------+--------+--------+--------+--------+-----+--------+
         Total |  12055 |  11747 |    308 |   1884 |   8133 |  11 | 1095.9 |
       Dungeon |  11762 |  11454 |    308 |   1884 |   8001 |  10 | 1176.2 |
         Sewer |    292 |    292 |      0 |      0 |    132 |   1 |  292.0 |
               +--------+--------+--------+--------+--------+-----+--------+

Top non-repeatable levels by time:
     D:3: 2084 daAuts
     D:7: 1555 daAuts
    D:10: 1539 daAuts
     D:4: 1220 daAuts
     D:6: 1114 daAuts
     D:9: 1008 daAuts
     D:2: 981 daAuts
     D:8: 915 daAuts
     D:1: 902 daAuts
    D:11: 440 daAuts
   Sewer: 292 daAuts
